 Dungeon Crawl Stone Soup version 0.21-a0-2-ge494091 (webtiles) character file.

2480 wolfsongas the Cleaver (level 9, -2/79 HPs)
             Began as a Minotaur Fighter on May 21, 2017.
             Was a Believer of Okawaru.
             Slain by a two-headed ogre
             ... wielding a +0 giant spiked club
              (30 damage)
             ... on level 9 of the Dungeon.
             The game lasted 00:15:21 (6390 turns).

wolfsongas the Cleaver (Minotaur Fighter)           Turns: 6390, Time: 00:15:21

Health: -2/79      AC: 14    Str: 21    XL:     9   Next: 27%
Magic:  6/8        EV: 10    Int:  5    God:    Okawaru [**....]
Gold:   389        SH: 14    Dex: 15    Spells: 8/8 levels left

rFire    . . .     SeeInvis .   a - +2 war axe
rCold    . . .     Gourm    .   c - +1 shield
rNeg     . . .     Faith    .   o - +0 chain mail
rPois    .         Spirit   .   (helmet restricted)
rElec    .         Reflect  .   (no cloak)
rCorr    .         Harm     .   (no gloves)
MR       .....                  (no boots)
Stlth    ..........             (no amulet)
Regen    0.7/turn               i - +2 ring of dexterity
MPRegen  0.2/turn               d - ring of loudness (curse)

@: heroism
A: retaliatory headbutt, horns 2, thin metallic scales 1, regeneration 1
a: Heroism, Renounce Religion


You were on level 9 of the Dungeon.
You worshipped Okawaru.
Okawaru was pleased with you.
You were not hungry.

You visited 2 branches of the dungeon, and saw 10 of its levels.
You also visited: Ossuary.

You collected 389 gold pieces.

Inventory:

Hand Weapons
 a - a +2 war axe (weapon)
Armour
 c - a +1 shield (worn)
 j - a +0 large shield
 o - a +0 chain mail (worn)
Jewellery
 d - a cursed ring of loudness (right hand)
 i - a +2 ring of dexterity (left hand)
 k - a +1 ring of evasion
 q - an uncursed ring of resist corrosion
 u - an uncursed ring of flight
 x - an uncursed ring of poison resistance
Wands
 n - a wand of iceblast (15/15)
 w - a wand of digging (18/24)
Scrolls
 m - 3 scrolls of teleportation
 t - a scroll of enchant weapon
 v - a scroll of enchant armour
Potions
 b - a potion of haste
 e - 5 potions of curing
 g - a potion of berserk rage
 p - a potion of might
 r - 2 potions of heal wounds
 z - a potion of flight
Comestibles
 f - a bread ration
 h - 12 chunks of flesh
 s - a meat ration


   Skills:
 + Level 7.2(12.2) Fighting
 + Level 10.6(15.6) Axes
 + Level 7.2(12.2) Armour
 + Level 7.1(12.1) Shields


You had 8 spell levels left.
You didn't know any spells.

Dungeon Overview and Level Annotations

Branches:
Dungeon (10/15)            Temple (1/1) D:5
   Lair: D:8-11         Orc: D:9-12

Altars:
Ashenzari
Cheibriados
Fedhas
Gozag
Hepliaklqana
Nemelex Xobeh
Okawaru
Qazlal
Ru
Sif Muna
Trog
Wu Jian
Xom
Zin


Innate Abilities, Weirdness & Mutations

You reflexively headbutt those who attack you in melee.
You have a pair of horns on your head.
You are partially covered in thin metallic scales. (AC +2)
Your natural rate of healing is unusually fast.


Message History

Press: ? - help, Shift-Dir - straight line The rock shatters into small pieces.
This wand has 18 charges left.
The howler monkey zombie hits you but does no damage.
The hippogriff bites you. The hippogriff pecks you.
The hippogriff barely misses you.
Found 17 gold pieces.
Found a stone staircase leading up.
Found a potion of degeneration.
You block the hippogriff's attack. The hippogriff pecks you.
You block the hippogriff's attack.
There is an escape hatch in the ceiling here.
The two-headed ogre hits you with a giant spiked club!!
The two-headed ogre hits you with a giant club!
You block the hippogriff's attack.
The hippogriff pecks you but does no damage.
You block the hippogriff's attack. A mysterious force pulls you upwards.
The hatch slams shut behind you.
Found six items.
Found a stone staircase leading down.
You gain the combat prowess of a mighty hero.
The two-headed ogre hits you with a giant spiked club!!
You die...

...............
...............
.......(.......
...............
...............
...............
......O........
.....>H@.......
...............
...............
####..[...###.%
...##.....# .
##$8#..####
#(.#.. Z:.#..


You could see a two-headed ogre, a hippogriff and a water moccasin simulacrum.

Vanquished Creatures
  Sigmund (D:5)
  A black bear (D:7)
  2 sky beasts (D:5)
  3 ogres
  4 centaurs
  A gnoll sergeant (D:7)
  A bullfrog (D:7)
  Blork the orc (D:4)
  3 water moccasin zombies (Ossuary)
  A scorpion (D:5)
  A howler monkey (D:5)
  A quasit (D:6)
  3 crimson imps
  3 orc priests
  4 orc wizards (D:6)
  Terence (D:3)
  A gnoll shaman (D:4)
  6 worker ants
  Ijyb (D:3)
  3 big kobold zombies (Ossuary)
  2 mummies (Ossuary)
  17 gnolls
  11 adders
  2 shadow imps (D:6)
  8 adder zombies (Ossuary)
  3 adder skeletons
  3 worms
  A dart slug (D:1)
  6 leopard geckos
  11 orcs
  A ball python (D:4)
  5 giant cockroaches
  8 goblins
  11 hobgoblins
  8 jackals
  4 kobolds
  2 quokkas
  5 bats
  6 frilled lizards
  6 hobgoblin zombies (Ossuary)
  4 kobold zombies (Ossuary)
  2 orc zombies (Ossuary)
  13 rats
181 creatures vanquished.

Notes
Turn   | Place    | Note
-------+----------+-------------------------------------------
     0 | D:1      | wolfsongas the Minotaur Fighter began the quest for the Orb.
     0 | D:1      | Reached XP level 1. HP: 19/19 MP: 0/0
   347 | D:1      | Reached skill level 3 in Axes
   390 | D:1      | Reached XP level 2. HP: 25/26 MP: 1/1
   587 | D:1      | Reached skill level 4 in Axes
   669 | D:1      | Reached XP level 3. HP: 31/31 MP: 2/2
   910 | D:2      | Reached skill level 5 in Axes
  1062 | D:2      | Reached XP level 4. HP: 35/39 MP: 3/3
  1459 | D:2      | Reached skill level 6 in Axes
  1655 | D:3      | Noticed Ijyb
  1664 | D:3      | Killed Ijyb
  1664 | D:3      | Reached XP level 5. HP: 45/45 MP: 4/4
  1771 | D:3      | Noticed Terence
  1780 | D:3      | Killed Terence
  1967 | D:3      | Reached skill level 7 in Axes
  2200 | D:4      | Reached XP level 6. HP: 22/51 MP: 5/5
  2413 | D:4      | Reached skill level 8 in Axes
  2720 | D:4      | Found a glowing silver altar of Zin.
  2720 | D:4      | Noticed an angel
  2751 | D:4      | Found a hazy altar of Hepliaklqana.
  2993 | D:4      | Reached skill level 9 in Axes
  3033 | D:4      | Noticed Blork the orc
  3040 | D:4      | Killed Blork the orc
  3040 | D:4      | Reached XP level 7. HP: 55/58 MP: 6/6
  3277 | D:4      | Found an ornate altar of the Wu Jian Council.
  3472 | D:5      | Entered Level 5 of the Dungeon
  3472 | D:5      | Found a staircase to the Ecumenical Temple.
  3473 | D:5      | Noticed Sigmund
  3483 | D:5      | Killed Sigmund
  3490 | Temple   | Entered the Ecumenical Temple
  3565 | Temple   | Became a worshipper of Warmaster Okawaru
  3881 | D:5      | Reached skill level 5 in Shields
  3891 | D:5      | Reached skill level 5 in Fighting
  3891 | D:5      | Reached skill level 5 in Armour
  3891 | D:5      | Reached XP level 8. HP: 40/68 MP: 7/7
  4249 | D:5      | Reached * piety under Okawaru
  4379 | D:5      | Reached skill level 10 in Axes
  4673 | D:6      | Found a sand-covered staircase.
  4678 | Ossuary  | Entered an ossuary
  5085 | Ossuary  | Identified Sif Muna's Incunabulum of Ensnaring Contamination
  5091 | Ossuary  | Gained mutation: Your natural rate of healing is unusually fast. [potion of mutation]
  5091 | Ossuary  | Gained mutation: You are partially covered in thin metallic scales. (AC +2) [potion of mutation]
  5308 | D:6      | Reached ** piety under Okawaru
  5533 | D:6      | Reached XP level 9. HP: 69/78 MP: 8/8
  5824 | D:6      | Found a sparkling altar of Nemelex Xobeh.
  5854 | D:6      | Found a bloodstained altar of Trog.
  6329 | D:7      | You fall through a shaft for 3 floors!
  6329 | D:10     | Entered Level 10 of the Dungeon
  6340 | D:10     | Noticed a two-headed ogre
  6390 | D:9      | Slain by a two-headed ogre

Vault maps used:
D:1:      lightli_arrival_quake
D:2:      first_bread, minmay_item_behind_shaft
D:3:      uniq_ijyb, uniq_terence
D:4:      old_standard_altar, zin_angel, kennysheep_mini, uniq_blork_the_orc
D:5:      minmay_temple_entry_large_hall, uniq_sigmund
D:6:      nicolae_overflow_hidden_temple, lightli_temple_of_fire,
          enter_ossuary_5, kennysheep_generic_room_5
D:7:      grunt_temple_overflow_holy_war, overflow_temple_1_default,
          dancing_weapons_uskayaw
D:9:      grunt_temple_overflow_lords_of_destruction,
          gammafunk_temple_overflow_arena, erik_lair_orcish_takeover
D:10:     grunt_livestock
Temple:   compressed_dpeg_triangle_lava_temple
Ossuary:  ossuary_tomb_2

Skill      XL: |  1  2  3  4  5  6  7  8  9 |
---------------+----------------------------+-----
Axes           | 3 4 5 6 7 9 10 | 10.6
Armour         | 5 6 7 |  7.2
Shields        | 5 6 7 |  7.1
Fighting       | 5 6 7 |  7.2

Action                   |  1- 3 |  4- 6 |  7- 9 || total
-------------------------+-------+-------+-------++-------
Melee: War axe           |    76 |   133 |   248 ||   457
       Headbutt          |    13 |    16 |    41 ||    70
Invok: Heroism           |       |       |     2 ||     2
Evoke: Wand              |       |       |     2 ||     2
  Use: Scroll            |       |     7 |     6 ||    13
       Potion            |       |     3 |     8 ||    11
  Eat: Chunk             |     1 |     1 |       ||     2
       Bread ration      |       |     2 |       ||     2
       Meat ration       |       |     2 |       ||     2
       Royal jelly       |       |       |     1 ||     1
Armor: Scale mail        |    23 |    22 |       ||    45
       Chain mail        |       |    35 |    93 ||   128
Dodge: Dodged            |    22 |    29 |    39 ||    90
Block: Shield            |    41 |    57 |   146 ||   244
